PCL
OKLAHOMA CITY DODGERS @ NASHVILLE SOUNDS
05/05/2099
 
TOP OF THE 1ST
Oklahoma City Dodgers batting - Pitching for Nashville Sounds : RHP Pete Friedman
Pitching: RHP Pete Friedman
Batting: RHB Rodolfo Navarro 0-0: Ball
1-0: Ground out 4-3 (Groundball, 4, EV 101.9 MPH)
Batting: LHB Rob Gutierrez 0-0: Foul Ball, location: 7LMF
0-1: SINGLE (Line Drive, 56D, EV 93.8 MPH)
Batting: LHB Josh Sanborn 0-0: Called Strike
Rob Gutierrez is caught stealing 2nd base 2-6
0-1: Called Strike
0-2: Ball
1-2: Ball
2-2: SOLO HOME RUN (Flyball, 9LD, EV 93.8 MPH), Distance : 334 ft
Batting: LHB Kenny Palmer 0-0: Swinging Strike
0-1: Swinging Strike
0-2: Foul Ball, location: 5FF
0-2: Ball
1-2: Strikes out swinging
Top of the 1st over - 1 run, 2 hits, 0 errors, 0 left on base; Oklahoma City 1 - Nashville 0
BOTTOM OF THE 1ST
Nashville Sounds batting - Pitching for Oklahoma City Dodgers : LHP Bill Fincher
Pitching: LHP Bill Fincher
Batting: LHB Chris West 0-0: Foul Ball, location: 7LMF
0-1: Ball
1-1: Ball
2-1: Ball
3-1: Base on Balls
Batting: RHB Mike Gohring 0-0: Called Strike
0-1: Called Strike
0-2: 2-RUN HOME RUN (Flyball, 7D, EV 95.6 MPH), Distance : 378 ft
Batting: SHB Danny Jaworski 0-0: Ball
1-0: Called Strike
1-1: Ball
2-1: Fly out, F7 (Flyball, 7, EV 97.5 MPH)
Batting: SHB John Gilley 0-0: Ball
1-0: Foul Ball, location: 2F
1-1: Called Strike
1-2: Strikes out swinging
Batting: LHB Mike Lucas 0-0: Called Strike
0-1: Ball
1-1: Ball
2-1: Foul Ball, location: 5F
2-2: Foul Ball, location: 23F
2-2: Ball
3-2: Base on Balls
Batting: RHB Malachi Bazile 0-0: Called Strike
0-1: Ball
1-1: Foul Ball, location: 9LMF
1-2: Foul Ball, location: 2F
1-2: Ball
2-2: Ground out 5-3 (Groundball, 56S, EV 86.3 MPH)
Bottom of the 1st over - 2 runs, 1 hit, 0 errors, 1 left on base; Oklahoma City 1 - Nashville 2
TOP OF THE 2ND
Oklahoma City Dodgers batting - Pitching for Nashville Sounds : RHP Pete Friedman
Batting: LHB Marvin Silva 0-0: Fly out, F4 (Line Drive, 4, EV 71.9 MPH)
Batting: LHB Jamie Wortman 0-0: Foul Ball, location: 5FF
0-1: Ball
1-1: Ball
2-1: Fly out, F9 (Flyball, 89D, EV 103.1 MPH)
Batting: SHB Montel Ruspoli 0-0: Ball
1-0: Called Strike
1-1: Ball
2-1: Ball
3-1: Fly out, F2 (Popup, 2LF, EV 88.1 MPH)
Top of the 2nd over - 0 runs, 0 hits, 0 errors, 0 left on base; Oklahoma City 1 - Nashville 2
BOTTOM OF THE 2ND
Nashville Sounds batting - Pitching for Oklahoma City Dodgers : LHP Bill Fincher
Batting: LHB Clay Sellers 0-0: Foul Ball, location: 23F
0-1: Ball
1-1: Foul Ball, location: 5F
1-2: Foul Ball, location: 7LMF
1-2: Strikes out looking
Batting: RHB Parker Sanburn Jr. 0-0: Foul Ball, location: 3SF
0-1: Foul Ball, location: 2RF
0-2: Foul Ball, location: 2F
0-2: Strikes out looking
Batting: RHB Jamal Smith 0-0: Foul Ball, location: 3DF
0-1: Swinging Strike
0-2: Ground out 5-3 (Groundball, 5S, EV 79.4 MPH)
Bottom of the 2nd over - 0 runs, 0 hits, 0 errors, 0 left on base; Oklahoma City 1 - Nashville 2
TOP OF THE 3RD
Oklahoma City Dodgers batting - Pitching for Nashville Sounds : RHP Pete Friedman
Batting: LHB Mike Jessie 0-0: Foul Ball, location: 9LDF
0-1: Swinging Strike
0-2: SINGLE (Line Drive, 7S, EV 86.9 MPH)
Batting: RHB Pete Chivers 0-0: Bunted foul
0-1: Bunted foul
0-2: Ball
1-2: Foul Ball, location: 2F
1-2: Ball
2-2: Foul Ball, location: 2F
2-2: DOUBLE (Line Drive, 78D, EV 106.3 MPH)
Mike Jessie to third
Batting: RHB Rodolfo Navarro 0-0: Ball
1-0: Called Strike
1-1: SINGLE (Groundball, 4MD, EV 96.9 MPH)
Mike Jessie scores
Pete Chivers to third
Batting: LHB Rob Gutierrez 0-0: Fly out, F7 (Flyball, 7S, EV 94.4 MPH)
Batting: LHB Josh Sanborn 0-0: Ball
1-0: Foul Ball, location: 2F
1-1: Called Strike
Rodolfo Navarro steals 2nd base
1-2: Ball
2-2: Ball
3-2: Foul Ball, location: 3F
3-2: Fly out, F9 (Flyball, 9, EV 92.5 MPH)
Batting: LHB Kenny Palmer 0-0: Foul Ball, location: 2F
0-1: Ball
1-1: DOUBLE (Line Drive, 9LS, EV 111.3 MPH)
Pete Chivers scores
Rodolfo Navarro scores
Batting: LHB Marvin Silva 0-0: Foul Ball, location: 3FF
0-1: Ball
1-1: Fly out, F8 (Flyball, 8LXD, EV 101.3 MPH)
Top of the 3rd over - 3 runs, 4 hits, 0 errors, 1 left on base; Oklahoma City 4 - Nashville 2
BOTTOM OF THE 3RD
Nashville Sounds batting - Pitching for Oklahoma City Dodgers : LHP Bill Fincher
Pitching: LHP Tim Jones
Batting: LHB Chris West 0-0: Ball
1-0: Fly out, F8 (Flyball, 78D, EV 79.4 MPH)
Batting: RHB Mike Gohring 0-0: Ball
1-0: Swinging Strike
1-1: Ball
2-1: Ball
3-1: Foul Ball, location: 2F
3-2: Strikes out swinging
Batting: SHB Danny Jaworski 0-0: Ball
1-0: Ball
2-0: Ball
3-0: Called Strike
3-1: Called Strike
3-2: Foul Ball, location: 9LMF
3-2: Foul Ball, location: 9LDF
3-2: Strikes out swinging
Bottom of the 3rd over - 0 runs, 0 hits, 0 errors, 0 left on base; Oklahoma City 4 - Nashville 2
TOP OF THE 4TH
Oklahoma City Dodgers batting - Pitching for Nashville Sounds : RHP Pete Friedman
Batting: LHB Jamie Wortman 0-0: Called Strike
0-1: Ground out U3 (Groundball, 3, EV 82.5 MPH)
Batting: SHB Montel Ruspoli 0-0: Ball
1-0: Called Strike
1-1: Called Strike
1-2: Ball
2-2: Foul Ball, location: 7LDF
2-2: Fly out, F8 (Line Drive, 8LM, EV 95.6 MPH)
Batting: LHB Mike Jessie 0-0: SINGLE (Line Drive, 8RS, EV 106.9 MPH)
Batting: RHB Pete Chivers 0-0: Foul Ball, location: 5F
0-1: Called Strike
0-2: Strikes out looking
Top of the 4th over - 0 runs, 1 hit, 0 errors, 1 left on base; Oklahoma City 4 - Nashville 2
BOTTOM OF THE 4TH
Nashville Sounds batting - Pitching for Oklahoma City Dodgers : LHP Tim Jones
Batting: SHB John Gilley 0-0: Foul Ball, location: 5F
0-1: Swinging Strike
0-2: Foul Ball, location: 2LF
0-2: Strikes out looking
Batting: LHB Mike Lucas 0-0: Foul Ball, location: 2F
0-1: Ball
1-1: SINGLE (Groundball, 4MD, EV 102.5 MPH)
Batting: RHB Malachi Bazile 0-0: Ball
Wild Pitch!
Mike Lucas to second
1-0: Ball
2-0: Ball
3-0: Called Strike
3-1: Base on Balls
Batting: LHB Clay Sellers 0-0: Fly out, F6 (Popup, 6D, EV 46.9 MPH)
Batting: RHB Parker Sanburn Jr. 0-0: Ball
1-0: Ball
2-0: Swinging Strike
2-1: Swinging Strike
2-2: Ball
3-2: Fly out, F3 (Popup, 3F, EV 60.0 MPH)
Bottom of the 4th over - 0 runs, 1 hit, 0 errors, 2 left on base; Oklahoma City 4 - Nashville 2
TOP OF THE 5TH
Oklahoma City Dodgers batting - Pitching for Nashville Sounds : RHP Pete Friedman
Batting: RHB Rodolfo Navarro 0-0: SINGLE (Line Drive, 78S, EV 95.0 MPH)
Batting: LHB Rob Gutierrez 0-0: Swinging Strike
0-1: Foul Ball, location: 5SF
Pickoff Throw to First - Out! 1-3
0-2: Strikes out looking
Batting: LHB Josh Sanborn 0-0: Ball
1-0: Ball
2-0: Foul Ball, location: 2F
2-1: Reached on error, E3 (Groundball, 3, EV 88.1 MPH)
Batting: LHB Kenny Palmer 0-0: SINGLE (Groundball, 34D, EV 108.8 MPH)
Josh Sanborn to second
Runner from 2nd tries for 3rd, SAFE, throw by RF made to third
Batting: LHB Marvin Silva 0-0: Ball
1-0: Ball
2-0: SINGLE (Line Drive, 4M, EV 100.0 MPH)
Josh Sanborn scores
Kenny Palmer to second
Runner from 2nd tries for 3rd, OUT! 8-5
Top of the 5th over - 1 run, 3 hits, 1 error, 1 left on base; Oklahoma City 5 - Nashville 2
BOTTOM OF THE 5TH
Nashville Sounds batting - Pitching for Oklahoma City Dodgers : LHP Tim Jones
Batting: RHB Jamal Smith 0-0: Ground out 5-3 (Groundball, 56, EV 105.6 MPH)
Batting: LHB Chris West 0-0: Ball
1-0: Called Strike
1-1: Ground out 4-3 (Groundball, 4, EV 110.0 MPH)
Batting: RHB Mike Gohring 0-0: Called Strike
0-1: Ball
1-1: Foul Ball, location: 25F
1-2: SINGLE (Groundball, 4MD, EV 105.6 MPH)
Batting: SHB Danny Jaworski 0-0: Called Strike
0-1: Swinging Strike
0-2: 2-RUN HOME RUN (Flyball, 7LD, EV 95.0 MPH), Distance : 353 ft
Batting: SHB John Gilley 0-0: Ball
1-0: Swinging Strike
1-1: Called Strike
1-2: Strikes out swinging
Bottom of the 5th over - 2 runs, 2 hits, 0 errors, 0 left on base; Oklahoma City 5 - Nashville 4
TOP OF THE 6TH
Oklahoma City Dodgers batting - Pitching for Nashville Sounds : RHP Pete Friedman
Batting: LHB Jamie Wortman 0-0: Ball
1-0: Ball
2-0: Called Strike
2-1: Ball
3-1: Ground out 6-3 (Groundball, 6M, EV 85.0 MPH)
Batting: SHB Montel Ruspoli 0-0: Fly out, F8 (Flyball, 8LD, EV 98.8 MPH)
Batting: LHB Mike Jessie 0-0: Ball
1-0: Foul Ball, location: 7LSF
1-1: Ball
2-1: Swinging Strike
2-2: Ground out 4-3 (Groundball, 4, EV 85.6 MPH)
Top of the 6th over - 0 runs, 0 hits, 0 errors, 0 left on base; Oklahoma City 5 - Nashville 4
BOTTOM OF THE 6TH
Nashville Sounds batting - Pitching for Oklahoma City Dodgers : LHP Tim Jones
Batting: LHB Mike Lucas 0-0: Called Strike
0-1: Ball
1-1: Ball
2-1: Foul Ball, location: 23F
2-2: Ball
3-2: Foul Ball, location: 7LMF
3-2: SINGLE (Flyball, 89S, EV 98.1 MPH)
Batting: RHB Malachi Bazile 0-0: Called Strike
0-1: SINGLE (Groundball, 4MD, EV 103.1 MPH)
Mike Lucas to second
Runner from 2nd tries for 3rd, SAFE, throw by CF made to third
Batting: LHB Clay Sellers 0-0: Foul Ball, location: 2F
0-1: Called Strike
Malachi Bazile steals 2nd base
0-2: Strikes out swinging
Pitching: LHP Zavier Fratis
Batting: RHB Parker Sanburn Jr. 0-0: Ball
1-0: Foul Ball, location: 9LMF
1-1: SINGLE (Groundball, 56, EV 86.3 MPH) (infield hit)
Mike Lucas scores
Malachi Bazile to third
Batting: RHB Jamal Smith 0-0: Swinging Strike
0-1: Ball
1-1: Foul Ball, location: 2F
1-2: Ball
2-2: Foul Ball, location: 5F
2-2: Foul Ball, location: 2F
2-2: DOUBLE (Groundball, 5L, EV 102.5 MPH)
Malachi Bazile scores
Parker Sanburn Jr. to third
Runner from 3rd tries for Home, SAFE, no throw by LF
Batting: LHB Chris West 0-0: Called Strike
0-1: Swinging Strike
0-2: Strikes out swinging
Batting: RHB Mike Gohring 0-0: Swinging Strike
0-1: Ball
1-1: Ball
2-1: Foul Ball, location: 5SF
2-2: Ground out 6-3 (Groundball, 6M, EV 85.6 MPH)
Bottom of the 6th over - 3 runs, 4 hits, 0 errors, 1 left on base; Oklahoma City 5 - Nashville 7
TOP OF THE 7TH
Oklahoma City Dodgers batting - Pitching for Nashville Sounds : RHP Pete Friedman
Pinch Hitting: SHB Raul Gonzalez 0-0: Called Strike
0-1: Ball
1-1: Called Strike
1-2: Ball
2-2: Foul Ball, location: 23FF
2-2: Strikes out swinging
Batting: RHB Rodolfo Navarro 0-0: Called Strike
0-1: Ball
1-1: DOUBLE (Flyball, 8RXD, EV 86.9 MPH)
Pitching: RHP Tom Stickles
Batting: LHB Rob Gutierrez 0-0: Called Strike
0-1: Ball
1-1: Called Strike
1-2: Strikes out swinging
Batting: LHB Josh Sanborn 0-0: 2-RUN HOME RUN (Flyball, 9D, EV 97.5 MPH), Distance : 376 ft
Batting: LHB Kenny Palmer 0-0: Ball
1-0: Foul Ball, location: 3F
1-1: Ball
2-1: Ball
3-1: Swinging Strike
3-2: SINGLE (Groundball, 34D, EV 96.9 MPH)
Batting: LHB Marvin Silva 0-0: Swinging Strike
0-1: Ball
1-1: Ball
2-1: Foul Ball, location: 9LMF
2-2: Strikes out looking
Top of the 7th over - 2 runs, 3 hits, 0 errors, 1 left on base; Oklahoma City 7 - Nashville 7
BOTTOM OF THE 7TH
Nashville Sounds batting - Pitching for Oklahoma City Dodgers : LHP Zavier Fratis
Now at SS: Jamie Wortman
Now in LF: Raul Gonzalez
Batting: SHB Danny Jaworski 0-0: Fly out, F7 (Flyball, 78M, EV 95.6 MPH)
Batting: SHB John Gilley 0-0: Called Strike
0-1: Ball
1-1: Swinging Strike
1-2: Foul Ball, location: 23FF
1-2: Foul Ball, location: 3F
1-2: SINGLE (Line Drive, 7S, EV 88.1 MPH)
Batting: LHB Mike Lucas 0-0: Ball
1-0: Ball
2-0: Ball
Wild Pitch!
John Gilley to second
3-0: Base on Balls
Pitching: RHP Ben Blackwood
Batting: RHB Malachi Bazile 0-0: Swinging Strike
0-1: Fly out, F7 (Flyball, 7, EV 93.1 MPH)
Batting: LHB Clay Sellers 0-0: Called Strike
0-1: Called Strike
0-2: SINGLE (Groundball, 6MD, EV 102.5 MPH)
John Gilley to third
Mike Lucas to second
Runner from 3rd tries for Home, SAFE, throw by CF to home
Batting: RHB Parker Sanburn Jr. 0-0: Ball
1-0: Ball
2-0: Ball
3-0: Called Strike
3-1: Base on Balls
Mike Lucas to third
Clay Sellers to second
Batting: RHB Jamal Smith 0-0: Ball
1-0: Called Strike
1-1: Ball
2-1: Ball
3-1: Foul Ball, location: 23F
3-2: Ground out 4-3 (Groundball, 4, EV 86.3 MPH)
Bottom of the 7th over - 1 run, 2 hits, 0 errors, 3 left on base; Oklahoma City 7 - Nashville 8
TOP OF THE 8TH
Oklahoma City Dodgers batting - Pitching for Nashville Sounds : RHP Tom Stickles
Batting: LHB Jamie Wortman 0-0: Called Strike
0-1: Ball
1-1: Foul Ball, location: 23F
1-2: Strikes out swinging
Batting: SHB Montel Ruspoli 0-0: Swinging Strike
0-1: Foul Ball, location: 7LSF
0-2: SINGLE (Line Drive, 89S, EV 83.8 MPH)
Batting: LHB Mike Jessie 0-0: Called Strike
0-1: SINGLE (Groundball, 34D, EV 100.6 MPH)
Montel Ruspoli to second
Runner from 2nd tries for 3rd, SAFE, throw by RF made to third
Batting: SHB Raul Gonzalez 0-0: Ball
1-0: SINGLE (Groundball, 5D, EV 95.6 MPH)
Montel Ruspoli scores
Mike Jessie to second
Batting: RHB Rodolfo Navarro 0-0: Ball
1-0: Ball
2-0: Foul Ball, location: 2F
2-1: Foul Ball, location: 2F
2-2: Fielders Choice at 2nd, 6-4 (Groundball, 56, EV 79.4 MPH)
Mike Jessie to third
Batting: LHB Rob Gutierrez 0-0: Called Strike
0-1: Ground out 4-3 (Groundball, 4, EV 88.1 MPH)
Top of the 8th over - 1 run, 3 hits, 0 errors, 2 left on base; Oklahoma City 8 - Nashville 8
BOTTOM OF THE 8TH
Nashville Sounds batting - Pitching for Oklahoma City Dodgers : RHP Ben Blackwood
Pitching: LHP Erik Nasuti
Pinch Hitting: RHB Chris Bell 0-0: Called Strike
0-1: Ball
1-1: Foul Ball, location: 9LSF
1-2: Strikes out swinging
Batting: RHB Mike Gohring 0-0: Ball
1-0: Ball
2-0: Ball
3-0: Base on Balls
Batting: SHB Danny Jaworski 0-0: Foul Ball, location: 25F
0-1: Ball
1-1: Swinging Strike
1-2: Ball
2-2: Ball
3-2: Foul Ball, location: 2F
3-2: Foul Ball, location: 9LDF
3-2: Fly out, F7 (Flyball, 7S, EV 89.4 MPH)
Pitching: LHP Matt Edinger
Batting: SHB John Gilley 0-0: Swinging Strike
0-1: SINGLE (Line Drive, 34D, EV 95.0 MPH)
Mike Gohring to second
Runner from 2nd tries for 3rd, SAFE, no throw by RF
Pinch Hitting: RHB Tony Hernandez 0-0: Ball
1-0: Ball
2-0: Swinging Strike
2-1: Foul Ball, location: 2LF
2-2: Foul Ball, location: 2RF
2-2: Fly out, F8 (Flyball, 8LM, EV 83.8 MPH)
Bottom of the 8th over - 0 runs, 1 hit, 0 errors, 2 left on base; Oklahoma City 8 - Nashville 8
TOP OF THE 9TH
Oklahoma City Dodgers batting - Pitching for Nashville Sounds : RHP Tom Stickles
Now at 1B: Tony Hernandez
Now in LF: Billy Ross
Batting: LHB Josh Sanborn 0-0: Called Strike
0-1: Called Strike
0-2: Ball
1-2: Foul Ball, location: 9LMF
1-2: Ball
2-2: Fly out, F7 (Flyball, 7S, EV 88.8 MPH)
Batting: LHB Kenny Palmer 0-0: Called Strike
0-1: Foul Ball, location: 2F
0-2: Ball
1-2: Foul Ball, location: 2RF
1-2: Fly out, F6 (Popup, 6, EV 56.9 MPH)
Batting: LHB Marvin Silva 0-0: Ball
1-0: Fly out, F8 (Flyball, 8RXD, EV 98.1 MPH)
Top of the 9th over - 0 runs, 0 hits, 0 errors, 0 left on base; Oklahoma City 8 - Nashville 8
BOTTOM OF THE 9TH
Nashville Sounds batting - Pitching for Oklahoma City Dodgers : LHP Matt Edinger
Batting: RHB Malachi Bazile 0-0: Ball
1-0: Called Strike
1-1: Foul Ball, location: 9LDF
1-2: SINGLE (Line Drive, 5L, EV 103.8 MPH)
Batting: LHB Clay Sellers 0-0: Swinging Strike
0-1: Ball
1-1: Grounds into double play, 6-4-3 (Groundball, 6, EV 100.0 MPH)
Batting: RHB Parker Sanburn Jr. 0-0: Fly out, F4 (Popup, 23, EV 81.9 MPH)
Bottom of the 9th over - 0 runs, 1 hit, 0 errors, 0 left on base; Oklahoma City 8 - Nashville 8
TOP OF THE 10TH
Oklahoma City Dodgers batting - Pitching for Nashville Sounds : RHP Tom Stickles
Marvin Silva starts the inning at 2nd base.
Batting: LHB Jamie Wortman 0-0: Intentional Walk
Pinch Runner at 2nd Osamu Mukai:
Batting: SHB Montel Ruspoli 0-0: Ball
1-0: Called Strike
1-1: SINGLE (Groundball, 6MD, EV 106.3 MPH)
Osamu Mukai to third
Jamie Wortman to second
Runner from 3rd tries for Home, SAFE, throw by CF to home
Batting: LHB Mike Jessie 0-0: SINGLE (Line Drive, 8LS, EV 108.1 MPH)
Jamie Wortman to third
Montel Ruspoli to second
Batting: SHB Raul Gonzalez 0-0: Ball
1-0: Ball
2-0: Ball
3-0: Called Strike
3-1: Grounds into fielders choice 3-2 (Groundball, 34, EV 105.0 MPH)
Montel Ruspoli to third
Mike Jessie to second
Batting: RHB Rodolfo Navarro 0-0: Ball
1-0: Ball
2-0: Ball
3-0: Called Strike
3-1: Foul Ball, location: 2F
3-2: Base on Balls
Montel Ruspoli scores
Mike Jessie to third
Raul Gonzalez to second
Pitching: RHP Luke Stevenson
Batting: LHB Rob Gutierrez 0-0: Hit by Pitch
Mike Jessie scores
Raul Gonzalez to third
Rodolfo Navarro to second
Batting: LHB Josh Sanborn 0-0: SINGLE (Groundball, 6MD, EV 95.0 MPH)
Raul Gonzalez scores
Rodolfo Navarro to third
Rob Gutierrez to second
Batting: LHB Kenny Palmer 0-0: Foul Ball, location: 9LMFF
0-1: Ball
1-1: Ball
2-1: Ball
3-1: DOUBLE (Flyball, 8RXD, EV 96.9 MPH)
Rodolfo Navarro scores
Rob Gutierrez scores
Josh Sanborn to third
Runner from 3rd tries for Home, SAFE, no throw by CF
Batting: RHB Osamu Mukai 0-0: Ball
1-0: Ball
2-0: Ball
3-0: Called Strike
3-1: Swinging Strike
3-2: Strikes out swinging
Batting: LHB Jamie Wortman 0-0: Ball
1-0: Swinging Strike
1-1: Ball
2-1: Swinging Strike
2-2: Ball
3-2: Strikes out swinging
Top of the 10th over - 7 runs, 4 hits, 0 errors, 1 left on base; Oklahoma City 15 - Nashville 8
BOTTOM OF THE 10TH
Nashville Sounds batting - Pitching for Oklahoma City Dodgers : LHP Matt Edinger
Parker Sanburn Jr. starts the inning at 2nd base.
Now at 2B: Osamu Mukai
Now at 3B: Montel Ruspoli
Batting: RHB Jamal Smith 0-0: Called Strike
0-1: Foul Ball, location: 2F
0-2: Foul Ball, location: 2F
0-2: Ground out 4-3 (Groundball, 34, EV 85.0 MPH)
Parker Sanburn Jr. to third
Batting: LHB Billy Ross 0-0: Ball
1-0: Called Strike
1-1: SINGLE (Groundball, 34D, EV 105.0 MPH)
Parker Sanburn Jr. scores
Batting: RHB Mike Gohring 0-0: DOUBLE (Line Drive, 3D, EV 101.3 MPH)
Billy Ross to third
Billy Ross scores
Batting: SHB Danny Jaworski 0-0: Ball
1-0: Called Strike
1-1: Ball
2-1: Ball
3-1: Base on Balls
Batting: SHB John Gilley 0-0: 3-RUN HOME RUN (Flyball, 9D, EV 96.3 MPH), Distance : 373 ft
Pitching: LHP Steven Dalton
Now in LF: Rodolfo Navarro
Now in CF: Freddie Mitchell
Now in RF: Raul Gonzalez
Batting: RHB Tony Hernandez 0-0: Called Strike
0-1: Called Strike
0-2: SINGLE (Flyball, 56D, EV 99.4 MPH)
Batting: RHB Malachi Bazile 0-0: Called Strike
0-1: Ball
1-1: Ball
2-1: Ground out 5-3 (Groundball, 56S, EV 76.3 MPH)
Tony Hernandez to second
Batting: LHB Clay Sellers 0-0: Called Strike
0-1: Foul Ball, location: 2F
0-2: Strikes out looking
Bottom of the 10th over - 5 runs, 4 hits, 0 errors, 1 left on base; Oklahoma City 15 - Nashville 13
Sunday, May 5th , 2024 - OOTP Baseball 24.11 Build 85